 Dungeon Crawl Stone Soup version 0.31-a0-188-g5e087ee2ca (webtiles) character file.

Game seed: 17904481377271464465

2254 qw the Skirmisher (level 9, -9/55 HPs)
             Began as a Deep Elf Hunter on June 23, 2023.
             Was a Priest of Okawaru.
             Mangled by a wyvern (12 damage)
             ... on level 7 of the Dungeon.
             The game lasted 00:03:32 (5426 turns).

qw the Skirmisher (Deep Elf Hunter)                 Turns: 5426, Time: 00:03:33

Health: -9/55      AC:  7    Str: 12    XL:     9   Next: 15%
Magic:  13/14      EV: 16    Int: 15    God:    Okawaru [***...]
Gold:   75         SH:  0    Dex: 18    Spells: 8/8 levels left

rFire   . . .        Y - +2 shortbow (flame)
rCold   + . .        (shield currently unavailable)
rNeg    . . .        b - +0 ring mail
rPois   .            (no helmet)
rElec   .            f - +0 cloak
rCorr   +            (no gloves)
SInv    .            (no boots)
Will    .....        m - amulet of faith
Stlth   +++          j - ring of resist corrosion
HPRegen 0.29/turn    (no ring)
MPRegen 0.14/turn

%: faith
@: about to teleport, heroic
A: cold resistance 1, sense surroundings 1, robust 1
a: Renounce Religion, Heroism


You were on level 7 of the Dungeon.
You worshipped Okawaru.
Okawaru was most pleased with you.
You visited 1 branch of the dungeon, and saw 7 of its levels.

You collected 244 gold pieces.
You spent 169 gold pieces at shops.


Innate Abilities, Weirdness & Mutations

Your flesh is cold resistant. (rC+)
You passively map a small area around you.
You are robust. (+10% HP)


   Skills:
 + Level 3.1(8.1) Fighting
 - Level 14.0(19.0) Ranged Weapons
 - Level 1.4(6.4) Armour
 - Level 5.1(10.1) Dodging
 - Level 1.2(6.2) Stealth
 - Level 4.1 Invocations


You had 8 spell levels left.
You didn't know any spells.
Your spell library was empty.

Inventory:

Hand Weapons
 Y - a +2 shortbow of flaming (weapon)
Armour
 b - a +0 ring mail (worn)
 f - a +0 cloak (worn)
Jewellery
 j - a ring of resist corrosion (left hand)
 m - an amulet of faith (around neck)
Wands
 s - a wand of digging (5)
Scrolls
 e - a scroll of identify
Potions
 c - a potion of cancellation
 d - a potion of haste
 g - a potion of magic
 h - a potion of heal wounds
 i - 2 potions of curing
 l - 2 potions of enlightenment
 n - a potion of mutation
 p - a potion of ambrosia {unknown}

Dungeon Overview and Level Annotations

Branches:
Dungeon (8/15)
 Temple: D:4-7         Lair: D:8-11

Altars:
Dithmenos
Fedhas
Gozag
Okawaru
Ru
Trog
Wu Jian
Zin
The Shining One

Shops:
D:4 !?

Annotations:
D:2 exclusion: 14 orcs
D:5 3 runed translucent doors, qw's ghost, novice DEHu


Message History

Your Ranged Weapons skill increases to level 14!
You shoot an arrow. The arrow hits the orc!
The arrow burns the orc.
You kill the orc!
You shoot an arrow. The arrow hits the iguana.
The arrow burns the iguana.
The iguana is severely wounded.
The wyvern bites you!
5418 ||| INVOKING Heroism.
You gain the combat prowess of a mighty hero.
The iguana misses you. The wyvern misses you.
You shoot an arrow. The arrow hits the iguana.
The arrow burns the iguana.
You kill the iguana!
Okawaru accepts your kill. The wyvern bites you!
You shoot an arrow. The arrow hits the wyvern.
The arrow burns the wyvern.
The wyvern is lightly wounded.
The wyvern misses you. The orc misses you.
You shoot an arrow. The arrow hits the wyvern.
The arrow burns the wyvern.
The wyvern is heavily wounded.
The wyvern completely misses you. The orc hits you but does no damage.
The wyvern completely misses you.
You shoot an arrow.
The arrow hits the wyvern but does no damage.
The wyvern is moderately wounded.
The wyvern misses you. The orc misses you.
You shoot an arrow. The arrow hits the wyvern.
The arrow burns the wyvern.
The wyvern is heavily wounded.
The wyvern misses you.
You shoot an arrow.
The arrow hits the wyvern but does no damage.
The wyvern is heavily wounded.
The wyvern bites you. The orc hits you but does no damage.
You shoot an arrow. The arrow hits the wyvern.
The arrow burns the wyvern.
The wyvern is severely wounded.
The wyvern completely misses you. The orc hits you with a +0 dagger.
The wyvern bites you!
5426 ||| READING scroll of teleportation.
As you read the scroll of teleportation, it crumbles to dust.
You feel strangely unstable. The wyvern bites you!
You die...

, * *
*,#........# , ,
, * ,,
#>.......# *
*........# * , *
* ........# # *,
* , , .
......#.# , ,,
,. 5Y.....# .#
###ol....# *
######.###..@# *
, ,
##...#..#...###
* #
#.##...##.### ,
####.##>.###.#
,* **
..##..#..#..[# *
, ...##.#..#.###
* , ##.........#
, ~ ~
#####......####
..###.........#*
* ~ *


You could see a wyvern, an ice beast, a white imp and an orc.

Vanquished Creatures
  A two-headed ogre (D:8)
  Prince Ribbit (D:5)
  A wyvern (D:5)
  A steam dragon (D:8)
  Menkaure (D:4)
  Edmund (D:4)
  A black bear (D:5)
  An ice beast (D:5)
  A phantom (D:5)
  A bullfrog (D:7)
  3 scorpions
  3 killer bees (D:8)
  A hound (D:4)
  Natasha (twice) (D:2)
  3 iguanas
  3 gnolls (D:3)
  4 adders
  2 shadow imps (D:5)
  5 worms
  7 dart slugs
  12 orcs
  9 ball pythons
  5 endoplasms
  4 giant cockroaches
  8 goblins
  10 hobgoblins
  6 kobolds
  3 quokkas
  3 bats
  2 frilled lizards (D:3)
  10 rats
115 creatures vanquished.

Notes
Turn   | Place    | Note
-------+----------+-------------------------------------------
     0 | D:1      | qw the Deep Elf Hunter began the quest for the Orb.
     0 | D:1      | Reached XP level 1. HP: 12/12 MP: 3/3
     0 | D:1      | 0 ||| qw: Version: 0.3-a-9-g12657ce
     0 | D:1      | 0 ||| qw: Game counter: 4042
     0 | D:1      | 0 ||| qw: Always use a shield: true
     0 | D:1      | 0 ||| qw: God list: Okawaru
     0 | D:1      | 0 ||| qw: Allow faded altars: false
     0 | D:1      | 0 ||| qw: Do Orc after D:15 true
     0 | D:1      | 0 ||| qw: Do second Lair branch before Depths: true
     0 | D:1      | 0 ||| qw: Lair rune preference: random
     0 | D:1      | 0 ||| qw: Plans: Normal
     0 | D:1      | 0 ||| PLANNING D:1-11
    98 | D:1      | Reached XP level 2. HP: 16/16 MP: 4/4
   100 | D:1      | Reached skill level 6 in Ranged Weapons
   252 | D:1      | 252 ||| FLEEEEING.
   255 | D:1      | 255 ||| FLEEEEING.
   256 | D:1      | 256 ||| FLEEEEING.
   265 | D:1      | Reached XP level 3. HP: 20/20 MP: 5/5
   627 | D:1      | 627 ||| READING scroll labelled BAUBIO FAURI.
   628 | D:1      | 628 ||| DRINKING 2 white potions.
   628 | D:1      | Gained mutation: Your system is resistant to poisons.
                  | (rPois) [potion of mutation]
   628 | D:1      | Gained mutation: You occasionally lose the ability to drink
                  | potions when taking damage. [potion of mutation]
   628 | D:1      | Gained mutation: You are agile. (Dex +4, Str/Int -1)
                  | [potion of mutation]
   629 | D:1      | 629 ||| DRINKING potion of mutation.
   629 | D:1      | Lost mutation: You occasionally lose the ability to drink
                  | potions when taking damage. [potion of mutation]
   629 | D:1      | Lost mutation: Your system is resistant to poisons. (rPois)
                  | [potion of mutation]
   629 | D:1      | Lost mutation: You are agile. (Dex +4, Str/Int -1) [potion
                  | of mutation]
   629 | D:1      | Gained mutation: You have large cloven feet. [potion of
                  | mutation]
   629 | D:1      | Gained mutation: Potions are less effective at restoring
                  | your health. [potion of mutation]
   630 | D:1      | 630 ||| DROPPING scroll of butterflies.
   756 | D:2      | Reached skill level 7 in Ranged Weapons
   881 | D:2      | 881 ||| READING scroll labelled XENELY IXTEJIRAJUK.
   882 | D:2      | 882 ||| READING scroll labelled UCHUER LAXT.
   909 | D:2      | 909 ||| READING scroll labelled TULIGAOGUPH.
   930 | D:2      | Found an iron altar of Okawaru.
   931 | D:2      | 931 ||| PLANNING OKAWARU WORSHIP
   931 | D:2      | 931 ||| UPGRADING to +0 ring mail.
   941 | D:2      | 941 ||| DROPPING +0 leather armour.
   942 | D:2      | 942 ||| READING scroll labelled RIDWULLYA.
   950 | D:2      | Became a worshipper of Warmaster Okawaru
   951 | D:2      | 951 ||| PLANNING D:1-11
   960 | D:2      | 960 ||| FLEEEEING.
   961 | D:2      | 961 ||| FLEEEEING.
   962 | D:2      | 962 ||| FLEEEEING.
   963 | D:2      | 963 ||| FLEEEEING.
   964 | D:2      | 964 ||| FLEEEEING.
   965 | D:2      | 965 ||| FLEEEEING.
   966 | D:2      | 966 ||| FLEEEEING.
   967 | D:2      | 967 ||| FLEEEEING.
   968 | D:2      | 968 ||| FLEEEEING.
   969 | D:2      | 969 ||| FLEEEEING.
   970 | D:2      | 970 ||| FLEEEEING.
   971 | D:2      | 971 ||| FLEEEEING.
   975 | D:2      | 975 ||| FLEEEEING.
   976 | D:2      | 976 ||| FLEEEEING.
   977 | D:2      | 977 ||| FLEEEEING.
   978 | D:2      | 978 ||| FLEEEEING.
   979 | D:2      | 979 ||| FLEEEEING.
   980 | D:2      | 980 ||| FLEEEEING.
   981 | D:2      | 981 ||| FLEEEEING.
   982 | D:2      | 982 ||| FLEEEEING.
   983 | D:2      | 983 ||| FLEEEEING.
   988 | D:2      | 988 ||| FLEEEEING.
   989 | D:2      | 989 ||| FLEEEEING.
   990 | D:2      | 990 ||| FLEEEEING.
   991 | D:2      | 991 ||| FLEEEEING.
   996 | D:2      | 996 ||| FLEEEEING.
   997 | D:2      | 997 ||| FLEEEEING.
   998 | D:2      | 998 ||| FLEEEEING.
  1004 | D:2      | 1004 ||| FLEEEEING.
  1005 | D:2      | 1005 ||| FLEEEEING.
  1006 | D:2      | 1006 ||| FLEEEEING.
  1057 | D:2      | 1057 ||| STAIRDANCE
  1061 | D:2      | 1061 ||| STAIRDANCE
  1065 | D:2      | 1065 ||| STAIRDANCE
  1069 | D:2      | 1069 ||| STAIRDANCE
  1073 | D:2      | 1073 ||| STAIRDANCE
  1077 | D:2      | 1077 ||| STAIRDANCE
  1081 | D:2      | 1081 ||| STAIRDANCE
  1085 | D:2      | 1085 ||| STAIRDANCE
  1089 | D:2      | 1089 ||| STAIRDANCE
  1093 | D:2      | 1093 ||| STAIRDANCE
  1097 | D:2      | 1097 ||| STAIRDANCE
  1101 | D:2      | 1101 ||| STAIRDANCE
  1105 | D:2      | 1105 ||| STAIRDANCE
  1109 | D:2      | 1109 ||| STAIRDANCE
  1113 | D:2      | 1113 ||| STAIRDANCE
  1117 | D:2      | 1117 ||| STAIRDANCE
  1121 | D:2      | 1121 ||| STAIRDANCE
  1125 | D:2      | 1125 ||| STAIRDANCE
  1129 | D:2      | 1129 ||| STAIRDANCE
  1133 | D:2      | 1133 ||| STAIRDANCE
  1145 | D:2      | 1145 ||| FLEEEEING.
  1168 | D:2      | 1168 ||| FLEEEEING.
  1169 | D:2      | 1169 ||| FLEEEEING.
  1170 | D:2      | 1170 ||| FLEEEEING.
  1171 | D:2      | 1171 ||| FLEEEEING.
  1172 | D:2      | 1172 ||| FLEEEEING.
  1173 | D:2      | 1173 ||| FLEEEEING.
  1174 | D:2      | 1174 ||| FLEEEEING.
  1175 | D:2      | 1175 ||| FLEEEEING.
  1176 | D:2      | 1176 ||| FLEEEEING.
  1177 | D:2      | 1177 ||| FLEEEEING.
  1178 | D:2      | 1178 ||| FLEEEEING.
  1179 | D:2      | 1179 ||| FLEEEEING.
  1180 | D:2      | 1180 ||| FLEEEEING.
  1181 | D:2      | 1181 ||| FLEEEEING.
  1224 | D:2      | 1224 ||| FLEEEEING.
  1226 | D:2      | 1226 ||| FLEEEEING.
  1227 | D:2      | 1227 ||| FLEEEEING.
  1228 | D:2      | 1228 ||| FLEEEEING.
  1229 | D:2      | 1229 ||| FLEEEEING.
  1442 | D:2      | 1442 ||| FLEEEEING.
  1443 | D:2      | 1443 ||| FLEEEEING.
  1621 | D:1      | 1621 ||| Stepping randomly (stuck).
  1787 | D:2      | Reached XP level 4. HP: 25/25 MP: 6/6
  1828 | D:2      | 1828 ||| FLEEEEING.
  1829 | D:2      | 1829 ||| FLEEEEING.
  2023 | D:2      | Noticed Natasha
  2026 | D:2      | Killed Natasha
  2239 | D:2      | 2239 ||| DROPPING ring of magical power.
  2240 | D:2      | 2240 ||| READING scroll labelled BIPERH NIFOT.
  2241 | D:2      | 2241 ||| READING scroll labelled FASUMU QOUDD.
  2333 | D:2      | Noticed Natasha
  2338 | D:2      | Killed Natasha
  2339 | D:2      | Reached skill level 8 in Ranged Weapons
  2611 | D:3      | Found a sacrificial altar of Ru.
  2611 | D:3      | Found a glowing silver altar of Zin.
  2614 | D:3      | 2614 ||| DROPPING amulet of guardian spirit.
  2669 | D:3      | Reached XP level 5. HP: 29/29 MP: 7/7
  2992 | D:3      | 2992 ||| READING scroll of enchant weapon.
  2992 | D:3      | 2992 ||| ENCHANTING +1 shortbow.
  3122 | D:3      | Found a blossoming altar of Fedhas.
  3127 | D:3      | Found a bloodstained altar of Trog.
  3129 | D:3      | Found an opulent altar of Gozag.
  3408 | D:3      | Reached skill level 9 in Ranged Weapons
  3488 | D:3      | 3488 ||| READING scroll labelled PAUT GOEDURCHE.
  3489 | D:3      | 3489 ||| READING scroll labelled QEKO MACLIT.
  3490 | D:3      | 3490 ||| READING scroll labelled RUTAYG LEIVUTT.
  3491 | D:3      | 3491 ||| READING 2 scrolls of identify.
  3491 | D:3      | 3491 ||| IDENTIFYING fuming blue potion
  3492 | D:3      | 3492 ||| DROPPING potion of invisibility.
  3503 | D:4      | Noticed Menkaure
  3508 | D:4      | Killed Menkaure
  3509 | D:4      | Reached skill level 3 in Fighting
  3509 | D:4      | Reached XP level 6. HP: 37/37 MP: 8/8
  3570 | D:4      | Found a shadowy altar of Dithmenos.
  3573 | D:4      | Reached * piety under Okawaru
  3575 | D:4      | 3575 ||| Stepping ~*~*~tactically~*~*~ (outnumbered).
  3855 | D:4      | Found Gatzeufe's Distillery.
  3861 | D:4      | Found Taogecif's Magic Scroll Shop.
  3868 | D:4      | 3868 ||| BUYING potion of curing (33 gold).
  3868 | D:4      | Bought a potion of curing for 33 gold pieces
  3868 | D:4      | 3868 ||| BUYING potion of enlightenment (55 gold).
  3868 | D:4      | Bought a potion of enlightenment for 55 gold pieces
  3868 | D:4      | 3868 ||| BUYING potion of enlightenment (55 gold).
  3868 | D:4      | Bought a potion of enlightenment for 55 gold pieces
  3868 | D:4      | 3868 ||| SHOPLISTING potion of heal wounds (55 gold, have
                  | 40).
  3868 | D:4      | 3868 ||| SHOPLISTING potion of resistance (110 gold, have
                  | 40).
  3877 | D:4      | 3877 ||| SHOPLISTING 3 scrolls of identify (78 gold, have
                  | 40).
  3877 | D:4      | 3877 ||| BUYING scroll of identify (26 gold).
  3877 | D:4      | Bought a scroll of identify for 26 gold pieces
  3877 | D:4      | 3877 ||| SHOPLISTING scroll of identify (26 gold, have 14).
  3877 | D:4      | 3877 ||| SHOPLISTING scroll of teleportation (39 gold, have
                  | 14).
  3898 | D:4      | Found a glowing golden altar of the Shining One.
  3900 | D:4      | 3900 ||| UPGRADING to +0 cloak.
  3907 | D:4      | Reached skill level 1 in Invocations
  4026 | D:4      | 4026 ||| DRINKING 2 potions of mutation.
  4026 | D:4      | Lost mutation: You have large cloven feet. [potion of
                  | mutation]
  4026 | D:4      | Lost mutation: Potions are less effective at restoring your
                  | health. [potion of mutation]
  4026 | D:4      | Gained mutation: You passively map a small area around you.
                  | [potion of mutation]
  4026 | D:4      | Gained mutation: You are robust. (+10% HP) [potion of
                  | mutation]
  4026 | D:4      | Gained mutation: Your flesh is cold resistant. (rC+)
                  | [potion of mutation]
  4070 | D:4      | Noticed Edmund
  4071 | D:4      | 4071 ||| INVOKING Heroism.
  4088 | D:4      | 4088 ||| INVOKING Heroism.
  4091 | D:4      | Killed Edmund
  4092 | D:4      | Reached skill level 10 in Ranged Weapons
  4237 | D:4      | 4237 ||| UPGRADING to amulet of faith.
  4242 | D:4      | 4242 ||| UPGRADING to ring of resist corrosion.
  4243 | D:4      | 4243 ||| READING scroll labelled VEASCHAI LO WOI.
  4244 | D:4      | 4244 ||| DRINKING 3 ruby potions.
  4245 | D:4      | 4245 ||| READING 4 scrolls of identify.
  4245 | D:4      | 4245 ||| IDENTIFYING puce potion
  4246 | D:4      | 4246 ||| READING 3 scrolls of identify.
  4246 | D:4      | 4246 ||| IDENTIFYING pink potion
  4247 | D:4      | 4247 ||| READING 2 scrolls of identify.
  4247 | D:4      | 4247 ||| IDENTIFYING metallic blue potion
  4248 | D:4      | 4248 ||| DROPPING 2 potions of brilliance.
  4266 | D:5      | Entered Level 5 of the Dungeon
  4279 | D:5      | Found an ornate altar of the Wu Jian Council.
  4313 | D:5      | Reached skill level 3 in Dodging
  4313 | D:5      | Reached XP level 7. HP: 41/45 MP: 9/9
  4351 | D:5      | Found a runed translucent door.
  4353 | D:5      | Found a runed translucent door.
  4506 | D:5      | Reached skill level 1 in Armour
  4577 | D:5      | 4577 ||| INVOKING Heroism.
  4585 | D:5      | Reached skill level 3 in Invocations
  4615 | D:5      | Noticed qw's ghost (novice DEHu)
  4617 | D:5      | Found a runed translucent door.
  4626 | D:5      | Noticed Prince Ribbit
  4628 | D:5      | 4628 ||| INVOKING Heroism.
  4634 | D:5      | Killed Prince Ribbit
  4635 | D:5      | Reached XP level 8. HP: 50/50 MP: 9/13
  4735 | D:5      | Reached skill level 11 in Ranged Weapons
  4910 | D:5      | Reached ** piety under Okawaru
  5053 | D:5      | You fall into a shaft and drop 3 floors!
  5115 | D:8      | Reached skill level 12 in Ranged Weapons
  5140 | D:8      | 5140 ||| INVOKING Heroism.
  5171 | D:8      | Noticed a two-headed ogre
  5173 | D:8      | 5173 ||| INVOKING Heroism.
  5183 | D:8      | Killed a two-headed ogre
  5183 | D:8      | Reached *** piety under Okawaru
  5184 | D:8      | Reached skill level 13 in Ranged Weapons
  5184 | D:8      | Reached XP level 9. HP: 39/55 MP: 12/14
  5238 | D:8      | 5238 ||| READING scroll labelled KEMEOL DACVAT.
  5239 | D:8      | 5239 ||| READING scroll labelled MILIOSE JOPS.
  5240 | D:8      | 5240 ||| DRINKING 2 fuming white potions.
  5241 | D:8      | 5241 ||| DRINKING 2 amethyst potions.
  5345 | D:8      | 5345 ||| READING 2 scrolls of identify.
  5345 | D:8      | 5345 ||| IDENTIFYING glowing puce potion
  5346 | D:8      | 5346 ||| DROPPING potion of degeneration.
  5347 | D:8      | 5347 ||| DROPPING potion of berserk rage.
  5416 | D:7      | Reached skill level 14 in Ranged Weapons
  5418 | D:7      | 5418 ||| INVOKING Heroism.
  5425 | D:7      | HP: 13/55 [orc/+0 dagger (4)]
  5425 | D:7      | HP: 2/55 [wyvern (11)]
  5426 | D:7      | 5426 ||| READING scroll of teleportation.
  5426 | D:7      | Mangled by a wyvern

Levels and vault maps discovered:
D:1:      spicycebolla_arrival_ecumenical, layout_basic, minmay_pentomino_u2
D:2:      minmay_inner_zag, layout_basic, basic_altar, uniq_natasha
D:3:      layout_basic, grunt_temple_overflow_open, jmf_multi_god_temple
D:4:      minmay_evil_eye, layout_basic, mainiacjoe_overflow_six_doors_small,
          serial_shops, nicolae_square_shop, shop, minmay_ruined_shrine,
          uniq_menkaure, uniq_edmund
D:5:      lemuel_insect_pit, layout_basic, nicolae_wu_jian_immortal_techniques,
          nicolae_overflow_hidden_temple, minmay_temple_entry_arrows,
          hellmonk_ghost_happy_afterlife, minmay_misc_feat_cross,
          uniq_prince_ribbit1
D:7:      layout_rooms, tgw_xom, amethyst_killhole, kennysheep_generic_room_3
D:8:      layout_loops_cross

Skill      XL: |  1  2  3  4  5  6  7  8  9 |
---------------+----------------------------+-----
Ranged Weapons | 6 7 8 9 10 13 14 | 14.0
Fighting       | 3 |  3.1
Invocations    | 1 4 |  4.1
Dodging        | 3 5 |  5.1
Armour         | 1 |  1.4
Stealth        | |  1.2

Action                     |  1- 3 |  4- 6 |  7- 9 || total
---------------------------+-------+-------+-------++-------
   Fire: Shortbow          |   111 |   161 |   109 ||   381
 Invoke: Heroism           |       |     2 |     5 ||     7
    Use: Scroll            |     5 |    11 |     4 ||    20
         Potion            |     2 |     2 |     2 ||     6
 Armour: Leather armour    |     5 |       |       ||     5
         Ring mail         |     3 |    12 |    19 ||    34
  Dodge: Dodged            |    14 |    26 |    31 ||    71

Table legend:
 A = Non-vault XP
 B = Vault XP
 C = Vault XP percentage of total XP
 D = Non-vault monster count
 E = Vault monster count
 F = Vault count percentage of total count
                 A         B        C        D         E       F
            +---------+---------+-------+---------+---------+-------
      Total |    2541 |     679 |  21.1 |      95 |      20 |  17.4
            +---------+---------+-------+---------+---------+-------
        D:1 |      43 |       4 |   8.5 |      21 |       1 |   4.5
        D:2 |      91 |      49 |  35.0 |      18 |       8 |  30.8
        D:3 |      86 |       6 |   6.5 |      17 |       2 |  10.5
        D:4 |      85 |     356 |  80.7 |      17 |       8 |  32.0
        D:5 |     828 |     264 |  24.2 |      12 |       1 |   7.7
        D:7 |     222 |       0 |   0.0 |       5 |       0 |   0.0
        D:8 |    1186 |       0 |   0.0 |       5 |       0 |   0.0
            +---------+---------+-------+---------+---------+-------
